 Dungeon Crawl Stone Soup version 0.32-a0-18-g89e19f1974 (webtiles) character file.

Game seed: 3726499357003820485

49 kae the Firebug (level 3, -3/19 HPs)
             Began as a Tengu Fire Elementalist on Jan 16, 2024.
             Killed from afar by Sigmund (12 damage)
             ... with a puff of flame
             ... on level 2 of the Dungeon.
             The game lasted 00:01:49 (1742 turns).

kae the Firebug (Tengu Fire Elementalist)           Turns: 1742, Time: 00:01:50

Health: -3/19      AC:  2    Str:  8    XL:     3   Next: 77%
Magic:  14/16      EV: 12    Int: 17    God:
Gold:   49         SH:  0    Dex: 14    Spells: 0/6 levels left

rFire   . . .        (no weapon)
rCold   . . .        (no shield)
rNeg    . . .        a - +0 robe
rPois   .            (helmet restricted)
rElec   .            (no cloak)
rCorr   .            (no gloves)
SInv    .            (boots unavailable)
Will    .....        (no amulet)
Stlth   +            W - ring of magical power
HPRegen 0.23/turn    (no ring)
MPRegen 0.15/turn

%: acrobat
@: confused
A: beak, talons 3, acrobatic
a: no special abilities


You were on level 2 of the Dungeon.
You visited 1 branch of the dungeon, and saw 2 of its levels.

You collected 49 gold pieces.


Innate Abilities, Weirdness & Mutations

You have a beak for a mouth.
You have claws for feet.
You can magically evade attacks while moving or waiting.


   Skills:
 - Level 2.1 Dodging
 - Level 2.0 Stealth
 + Level 2.4 Spellcasting
 * Level 3.1 Conjurations
 * Level 4.1 Fire Magic


You couldn't memorise any spells.
You knew the following spells:

 Your Spells              Type           Power      Damage    Failure   Level
a - Foxfire               Conj/Fire      56%        2x1d6     4%          1
b - Scorch                Fire           32%        2d6       5%          2
c - Inner Flame           Hex/Fire       9%         N/A       24%         3

Your spell library contained the following spells:

 Spells                   Type           Power      Damage    Failure   Level
 Volatile Blastmotes      Fire/Tloc      18%        2d11      24%         3
 Flame Wave               Conj/Fire      14%        2d6       38%         4

Inventory:

Missiles
 e - 15 stones
 k - 2 javelins
Armour
 a - a +0 robe (worn)
Jewellery
 w - a ring of magical power
   (You found it on level 2 of the Dungeon)
 A - an amulet of the acrobat
   (You found it on level 1 of the Dungeon)
 W - a ring of magical power (left hand)
   (You found it on level 2 of the Dungeon)
Scrolls
 c - 2 scrolls of blinking {unknown}
 f - 2 scrolls of identify {unknown}
 g - a scroll of fog {unknown}
 h - a scroll of immolation {unknown}
 i - 2 scrolls of revelation {unknown}
 j - 2 scrolls of teleportation {unknown}
 l - a scroll of poison {unknown}
Potions
 b - a potion of magic
 d - a potion of brilliance {unknown}

Dungeon Overview and Level Annotations

Branches:
Dungeon (2/15) Zot: 10257

Altars:

Annotations:
D:2 Jessica, Sigmund

########.#
#####<....)..........#
.........# #####.############
##...###############.######<#
.'...'......................#
##...#############...########
##### #.### ###.# #...# ###
####@### ... #.@..# .....
.....#### ..... ...# ..... ..
..... ..... ....[ .....


You could see Sigmund.


Message History

You lost 1 mp, and now have 14/16 mp.
There is a stone staircase leading down here.
i - 2 scrolls labelled SUNGUH OVOFU (gained 1)
You open the door.
There is an open door here.
You now have 49 gold pieces (gained 3).
You open the door.
There is an open door here.
You open the door.
There is an open door here.
A rat comes into view.
The rat squeaks loudly. 😎 HP[+2] MP[+2]
Your hp is fully restored (19).
Your mp is fully restored (16).
A rat is nearby!
A rat is nearby!
A rat is nearby!
Casting: Foxfire (safe; 4% risk of failure)
Confirm with . or Enter, or press ? or * to list all spells.
You conjure some foxfire!
The foxfire hits the rat.
The foxfire hits the rat but does no damage. 😎 MP[-1]
You lost 1 mp, and now have 15/16 mp.
Casting: Foxfire (safe; 4% risk of failure)
Confirm with . or Enter, or press ? or * to list all spells.
You conjure some foxfire!
The foxfire hits the rat.
You kill the rat! 😎 MP[-1]
You lost 1 mp, and now have 14/16 mp.
c - 2 scrolls labelled LADYIM KANWAOF (gained 1)
You see here a rat corpse.
You open the door.
There is an open door here.
You open the door.
There is an open door here.
There is a stone staircase leading up here.
w - a ring of magical power 😎 MP[+2]
Your mp is fully restored (16).
Sigmund is nearby!
Sigmund is nearby!
Sigmund is nearby!
Unknown command.
Unknown command.
Casting: Foxfire (safe; 4% risk of failure)
Confirm with . or Enter, or press ? or * to list all spells.
Okay, then.
Unknown command.
Casting: Inner Flame (astonishingly dangerous; 24% risk of failure)
Confirm with . or Enter, or press ? or * to list all spells.
Okay, then.
Unknown command.
Casting: Inner Flame (astonishingly dangerous; 24% risk of failure)
Confirm with . or Enter, or press ? or * to list all spells.
Aiming: Inner Flame (astonishingly dangerous; 24% risk of failure)
Press: ? - help, Dir - move target, f - Sigmund
Aim: Sigmund, wielding a +3 scythe, wearing a +1 robe and carrying a wand of flame (wandering, hasn't noticed you, chance to affect: 67%)
You miscast Inner Flame.
You are very lightly contaminated with residual magic.
Nothing appears to happen.
Sigmund gestures at you while chanting.
You are confused. 😎 MP[-3]
You lost 3 mp, and now have 13/16 mp.
Unknown command.
You're too confused to cast spells.
Unknown command.
You bump into the rock wall.
Unknown command.
You bump into the rock wall.
You bump into the rock wall.
Unknown command.
Sigmund points at you and mumbles some strange words.
You are more confused.
You bump into the rock wall. 😎 MP[+1]
You bump into the rock wall.
Unknown command.
You bump into the rock wall.
Sigmund whispers, "You'll know eternity soon."
Sigmund hits you from afar with a +3 scythe. 😮 HP[-5]
You take 5 damage, and now have 14/19 hp.
MASSIVE DAMAGE!! (PAUSE)
You bump into the rock wall.
Sigmund zaps a wand.
The puff of flame hits you.
* * * LOW HITPOINT WARNING * * *
Your magical contamination has completely faded away. 😨 HP[-5]
You take 5 damage, and now have 9/19 hp.
MASSIVE DAMAGE!! (PAUSE)
You bump into the rock wall.
Sigmund zaps a wand.
The puff of flame hits you!
Ouch! That really hurt!
You die...
Sigmund begins carving another notch in his scythe.

Skill      XL: |  1  2  3 |
---------------+----------+-----
Conjurations   | 2 3 |  3.1
Fire Magic     | 4 |  4.1
Dodging        | |  2.1
Stealth        | |  2.0
Spellcasting   | |  2.4

Action                     || total
---------------------------++-------
  Melee: Unarmed           ||    18
         Peck              ||     2
         Kick              ||     3
         Punch             ||     1
   Cast: Foxfire           ||    54
         Scorch            ||     1
 Armour: Robe              ||    20
  Dodge: Dodged            ||    77

Levels and vault maps discovered:
D:1:      dpeg_arrival_brainrot, layout_loops_ring, kennysheep_boxes
D:2:      layout_basic, small_statue_intersection, st_stairs_7,
          chequers_serial_rivers_micro_e, uniq_jessica, uniq_sigmund

Notes
Turn   | Place    | Note
-------+----------+-------------------------------------------
     0 | D:1      | kae the Tengu Fire Elementalist began the quest for the
                  | Orb.
     0 | D:1      | Reached XP level 1. HP: 10/10 MP: 4/4
     0 | D:1      | magus.rc [v1.11.3]
    91 | D:1      | Reached skill level 2 in Conjurations
    91 | D:1      | Reached XP level 2. HP: 15/15 MP: 0/6
   565 | D:1      | Reached XP level 3. HP: 19/19 MP: 4/7
   568 | D:1      | Learned a level 2 spell: Scorch
   572 | D:1      | Learned a level 3 spell: Inner Flame
   969 | D:2      | Reached skill level 4 in Fire Magic
  1202 | D:2      | Reached skill level 3 in Conjurations
  1230 | D:2      | Noticed Sigmund
  1233 | D:2      | Noticed Jessica
  1742 | D:2      | Killed from afar by Sigmund

Vanquished Creatures
  An adder (D:2)
  A ribbon worm (D:2)
  A bat (D:2)
  An endoplasm (D:2)
  2 giant cockroaches (D:1)
  5 goblins
  6 hobgoblins
  3 jackals (D:1)
  2 quokkas (D:1)
  5 ball pythons (D:1)
  A frilled lizard (D:1)
  A kobold (D:1)
  5 rats
34 creatures vanquished.

Vanquished Creatures (others)
  97 foxfires
97 creatures vanquished.

Grand Total: 131 creatures vanquished

Table legend:
 A = Non-vault XP
 B = Vault XP
 C = Vault XP percentage of total XP
 D = Non-vault monster count
 E = Vault monster count
 F = Vault count percentage of total count
                 A         B        C        D         E       F
            +---------+---------+-------+---------+---------+-------
      Total |      67 |       4 |   5.6 |      32 |       2 |   5.9
            +---------+---------+-------+---------+---------+-------
        D:1 |      40 |       2 |   4.8 |      25 |       1 |   3.8
        D:2 |      27 |       2 |   6.9 |       7 |       1 |  12.5
            +---------+---------+-------+---------+---------+-------

Skill      XL: |  1  2  3 |
---------------+----------+-----
Conjurations   | 2 3 |  3.1
Fire Magic     | 4 |  4.1
Dodging        | |  2.1
Stealth        | |  2.0
Spellcasting   | |  2.4

Action                     || total
---------------------------++-------
  Melee: Unarmed           ||    18
         Peck              ||     2
         Kick              ||     3
         Punch             ||     1
   Cast: Foxfire           ||    54
         Scorch            ||     1
 Armour: Robe              ||    20
  Dodge: Dodged            ||    77

Illustrated notes

Table legend:
 A = Kills in this place as a percentage of kills in the entire game.
 B = Kills by you in this place as a percentage of kills by you in the entire game.
 C = Kills by friends in this place as a percentage of kills by friends in the entire game.
 D = Other kills in this place as a percentage of other kills in the entire game.
 E = Experience gained in this place as a percentage of experience gained in the entire game.
 F = Experience gained in this place divided by the number of levels of this place that you have seen.
                   A       B       C       D       E      F
               +-------+-------+-------+-------+-------+----------------------
         Total | 100.0 | 100.0 |   N/A |   N/A | 100.0 |  35.5
       Dungeon | 100.0 | 100.0 |   N/A |   N/A | 100.0 |  35.5
               +-------+-------+-------+-------+-------+----------------------

Table legend: (Time is in decaauts)
 A = Elapsed time spent in this place.
 B = Non-inter-level travel time spent in this place.
 C = Inter-level travel time spent in this place.
 D = Time resting spent in this place.
 E = Time spent auto-exploring this place.
 F = Levels seen in this place.
 G = Mean time per level.
                   A        B        C        D        E       F      G
               +--------+--------+--------+--------+--------+-----+--------+
         Total |   1741 |   1663 |     78 |     48 |   1313 |   2 |  870.5 |
       Dungeon |   1741 |   1663 |     78 |     48 |   1313 |   2 |  870.5 |
               +--------+--------+--------+--------+--------+-----+--------+

Top non-repeatable levels by time:
     D:1: 1058 daAuts
     D:2: 683 daAuts
